 Dungeon Crawl Stone Soup version 0.30.2 (webtiles) character file.

Game seed: 17194719283844225281

10475 LLlMATKO the Cleaver (level 11, -4/102 HPs)
             Began as a Minotaur Berserker on Feb 26, 2024.
             Was a High Priest of Trog.
             Slain by Erolcha
             ... wielding a +4 spectral giant club
              (16 damage)
             ... on level 9 of the Dungeon on Feb 27, 2024.
             The game lasted 00:09:42 (6679 turns).

LLlMATKO the Cleaver (Minotaur Berserker)           Turns: 6679, Time: 00:09:43

Health: -4/102     AC: 22    Str: 31    XL:     11   Next: 36%
Magic:  10/10      EV: 11    Int:  4    God:    Trog [*****.]
Gold:   347        SH:  0    Dex: 11    Spells: 10/10 levels left

rFire   + . .        E - +0 hand axe (vamp)
rCold   . . .        (no shield)
rNeg    + . .        t - +1 plate armour
rPois   .            z - +1 hat
rElec   .            (no cloak)
rCorr   .            b - +0 pair of gloves
SInv    +            d - +2 pair of boots of Inviolability {rF+ rN+ Regen+}
Will    ++...        f - amulet of regeneration Stlth
                     h - +6 ring of strength
HPRegen 1.00/turn    g - ring of see invisible
MPRegen 0.12/turn

%: no passive effects
@: strong-willed, on berserk cooldown, sick, regenerating, slowed, studying 2
skills, very slow
A: horns 2, retaliatory headbutt, [subdued magic 1]
a: Renounce Religion, Berserk, Trog's Hand, Brothers in Arms


You were on level 9 of the Dungeon.
You worshipped Trog.
Trog was extremely pleased with you.
You visited 1 branch of the dungeon, and saw 9 of its levels.
You visited the Abyss 1 time.

You collected 508 gold pieces.
You spent 161 gold pieces at shops.

Inventory:

Hand Weapons
 a - a +1 hand axe
 E - a +0 vampiric hand axe (weapon)
 O - a +0 broad axe of pain
Missiles
 F - 4 throwing nets (quivered)
Armour
 b - a +0 pair of gloves (worn)
 d - the +2 pair of boots of Inviolability (worn) {rF+ rN+ Regen+}
   (You acquired it on level 7 of the Dungeon)

   rF:        It protects you from fire.
   rN:        It protects you from negative energy.
   Regen:     It increases your rate of health regeneration.
 t - a +1 plate armour (worn)
 z - a +1 hat (worn)
 C - a +0 pair of boots
Jewellery
 c - an amulet of guardian spirit
 f - an amulet of regeneration (around neck)
 g - a ring of see invisible (right hand)
 h - a +6 ring of strength (left hand)
 l - the Hermit's Pendant {Faith Invo=14 Evo=0 MP+5}
   (You found it on level 7 of the Dungeon)

   [amulet of faith]

   Invo=14: It sets your Invocations skill to 14.
   Evo=0: It sets your Evocations skill to 0.
   It allows you to gain divine favour quickly.
   MP:        It affects your magic capacity (+5).
 G - a +6 ring of intelligence
 L - an amulet of magic regeneration
Wands
 y - a wand of iceblast (11)
 A - a wand of flame (44)
 H - a wand of mindburst (16)
 I - a wand of charming (11)
 J - a wand of quicksilver (8)
 K - a wand of digging (13)
Scrolls
 e - 4 scrolls of teleportation
 i - a scroll of immolation
 o - 9 scrolls of identify
 q - a scroll of amnesia
 s - 2 scrolls of magic mapping
 B - a scroll of summoning
Potions
 j - 2 potions of heal wounds
 k - 4 potions of might {unknown}
 m - 2 potions of haste {unknown}
 n - a potion of degeneration {unknown}
 p - a potion of magic {unknown}
 r - 5 potions of mutation {unknown}
 u - 2 potions of ambrosia {unknown}
 v - a potion of invisibility {unknown}
 w - 3 potions of curing {unknown}
 x - 3 potions of brilliance {unknown}
 D - 2 potions of lignification {unknown}


   Skills:
 + Level 11.4 Fighting
 + Level 14.7 Axes
 + Level 11.1 Armour
 + Level 10.2 Dodging


You had 10 spell levels left.
You didn't know any spells.
Your spell library was empty.

Dungeon Overview and Level Annotations

Branches:
Dungeon (9/15)             Temple (0/1) D:6
   Lair: D:8-11         Orc: D:9-12

Altars:
Dithmenos
Gozag
Hepliaklqana
Sif Muna
Xom

Shops:
D:6 (

Annotations:
D:6 2 runed translucent doors
D:7 2 runed translucent doors, Crazy Yiuf; Phaedo's ghost, novice AtWr
D:9 Erolcha


Innate Abilities, Weirdness & Mutations

You have a pair of horns on your head.
You reflexively headbutt those who attack you in melee.
[Your spells are a little easier to cast, but a little less powerful.]


Message History

You hit the efreet but do no damage. You headbutt the efreet.
The efreet is almost dead.
You hit the ancient zyme but do no damage.
The efreet gestures at you. The bolt of fire hits you! You resist.
* * * LOW HITPOINT WARNING * * *
The ancient zyme closely misses you.
The ancient zyme hits you but does no damage.
You slash the ancient zyme!
The ancient zyme is almost destroyed.
You barely miss the efreet.
Unknown command.
You slash the efreet!
You kill the efreet!
Trog accepts your kill. Trog grants you a weapon!
Something appears at your feet!
You see here a +4 battleaxe.
You barely miss the ancient zyme. You slash the ancient zyme!
You destroy the ancient zyme!
Trog accepts your kill.
You feel the corruption within you wane somewhat.
Your urge to scream lessens.
Your urge to shout disappears.
Your connection to magic feels less subdued.
Unknown command.
There is a gateway leading out of the Abyss here.
You start resting.
You feel a strong urge to attack something.
You are no longer berserk.
You are exhausted.
You feel yourself slow down.
A ynoxinul comes into view.
Your skin crawls.
You feel strong-willed.
The ynoxinul bellows!
You pass through the gate.
Welcome back to the Dungeon!
Level annotation: Erolcha Erolcha hits you with a +4 spectral giant club!
You die...

## ### ###.##
... ###....##
.... #......<#
..... #.......#
.....# #.......#
.....###.......#
#..[#..†....#
#O@..†.....#
##...†...).#
###......##
##...### ##...#
##...# ##...#
#..# #.#


You could see Erolcha.

Vanquished Creatures
  A boulder beetle (D:7)
  A wretched star (Abyss:2)
  A sixfirhy (Abyss:2)
  Pikel (D:6)
  Maggie (D:9)
  A kobold demonologist (Abyss:2)
  An efreet (Abyss:2)
  2 ancient zymes (Abyss:2)
  A hornet (D:8)
  2 large abominations (Abyss:2)
  A wraith (D:6)
  3 vampire mosquitoes (D:8)
  A steam dragon (D:6)
  2 small abominations (Abyss:2)
  3 water moccasins
  Duvessa (D:6)
  An orc warrior (D:8)
  2 sky beasts (D:7)
  2 ice beasts
  4 black bears
  The ghost of Konrad the Shooter, an amateur MiHu (D:4)
  3 centaurs
  4 phantoms
  A lemure (D:6)
  2 bullfrogs (D:7)
  2 kobold brigands (Abyss:2)
  A gnoll sergeant (D:8)
  4 water moccasin zombies (D:5)
  A water moccasin skeleton (D:5)
  10 wights
  Dowan (D:6)
  11 killer bees
  2 electric eels (D:7)
  6 howler monkeys
  A crimson imp (D:8)
  2 bullfrog zombies (D:5)
  An iron imp (Abyss:2)
  3 hounds
  A gnoll bouda (D:4)
  3 sleepcaps
  6 orc priests
  A jelly (D:4)
  A scorpion zombie (D:5)
  Ijyb (D:4)
  4 iguanas
  7 orc wizards
  A hound skeleton (D:5)
  17 gnolls
  8 adders
  4 white imps
  2 ufetubi
  An adder zombie (D:5)
  3 worms
  6 dart slugs
  28 orcs
  5 endoplasms
  4 giant cockroaches
  4 goblins
  5 hobgoblins
  2 jackals (D:2)
  2 quokkas (D:4)
  5 ball pythons
  5 bats
  7 frilled lizards
  13 kobolds
  3 rats
237 creatures vanquished.

Vanquished Creatures (collateral kills)
  An orc (D:7)
1 creature vanquished.

Vanquished Creatures (others)
  Maurice (D:8)
1 creature vanquished.

Grand Total: 239 creatures vanquished

Notes
Turn   | Place    | Note
-------+----------+-------------------------------------------
     0 | D:1      | LLlMATKO the Minotaur Berserker began the quest for the
                  | Orb.
     0 | D:1      | Reached XP level 1. HP: 19/19 MP: 0/0
   108 | D:1      | Reached XP level 2. HP: 26/27 MP: 1/1
   397 | D:1      | Reached skill level 4 in Axes
  1235 | D:2      | Reached XP level 3. HP: 33/33 MP: 2/2
  1438 | D:2      | Reached ** piety under Trog
  1815 | D:3      | Found a faded altar of an unknown god.
  1824 | D:3      | Noticed a wight
  1831 | D:3      | Reached XP level 4. HP: 41/41 MP: 3/3
  1955 | D:3      | Reached XP level 5. HP: 47/47 MP: 4/4
  1957 | D:3      | Reached skill level 5 in Fighting
  1957 | D:3      | Reached skill level 5 in Axes
  1960 | D:3      | Reached XP level 6. HP: 56/56 MP: 5/5
  2422 | D:4      | Reached skill level 5 in Armour
  2435 | D:4      | Reached XP level 7. HP: 57/62 MP: 6/6
  2561 | D:4      | Found a transporter.
  2562 | D:4      | Found a transporter.
  2796 | D:4      | Noticed Ijyb
  2802 | D:4      | Killed Ijyb
  3004 | D:4      | Reached skill level 6 in Axes
  3013 | D:4      | Reached skill level 5 in Dodging
  3067 | D:4      | Noticed Konrad's ghost (amateur MiHu)
  3077 | D:4      | Killed Konrad's ghost
  3142 | D:5      | Entered Level 5 of the Dungeon
  3185 | D:5      | Reached *** piety under Trog
  3188 | D:5      | Reached skill level 7 in Axes
  3209 | D:5      | Reached XP level 8. HP: 71/71 MP: 7/7
  3303 | D:5      | Reached skill level 8 in Axes
  3700 | D:6      | Noticed Duvessa
  3700 | D:6      | Noticed Dowan
  3705 | D:6      | Reached skill level 9 in Axes
  3713 | D:6      | Killed Dowan
  3718 | D:6      | Killed Duvessa
  3851 | D:6      | Reached **** piety under Trog
  3856 | D:6      | Reached XP level 9. HP: 81/81 MP: 8/8
  4015 | D:6      | Found a staircase to the Ecumenical Temple.
  4080 | D:6      | Found Urechiwn's Antique Weapon Shop.
  4089 | D:6      | Bought a glowing broad axe for 161 gold pieces
  4295 | D:6      | Found a runed translucent door.
  4297 | D:6      | Found a runed translucent door.
  4313 | D:6      | Reached skill level 10 in Axes
  4345 | D:6      | Noticed Pikel
  4392 | D:6      | Killed Pikel
  4539 | D:6      | Reached skill level 11 in Axes
  4906 | D:7      | Identified a scroll of acquirement
  4906 | D:7      | Acquired the +2 pair of boots of Inviolability {rF+ rN+
                  | Regen+}
  5060 | D:7      | Found a runed translucent door.
  5104 | D:7      | Found a faded altar of an unknown god.
  5104 | D:7      | Noticed a boulder beetle
  5104 | D:7      | Found the Hermit's Pendant {Faith Invo=14 Evo=0 MP+5}
  5123 | D:7      | Killed a boulder beetle
  5124 | D:7      | Reached XP level 10. HP: 91/91 MP: 9/9
  5204 | D:7      | Reached skill level 12 in Axes
  5258 | D:7      | Found a runed translucent door.
  5259 | D:7      | Noticed Crazy Yiuf
  5359 | D:7      | Found an opulent altar of Gozag.
  5363 | D:7      | Found a shadowy altar of Dithmenos.
  5439 | D:7      | Found a shimmering altar of Xom.
  5439 | D:7      | Noticed a +2 flail of chaos
  5439 | D:7      | Noticed Phaedo's ghost (novice AtWr)
  5454 | D:7      | Found a hazy altar of Hepliaklqana.
  5715 | D:7      | Found a shimmering blue altar of Sif Muna.
  5807 | D:8      | Reached skill level 10 in Fighting
  5854 | D:8      | Reached ***** piety under Trog
  5901 | D:8      | Paralysed by a hornet for 2 turns
  5968 | D:8      | Reached skill level 13 in Axes
  6030 | D:8      | Noticed Maurice
  6041 | D:8      | Killed Maurice
  6042 | D:8      | Reached skill level 10 in Armour
  6511 | D:9      | Noticed Maggie
  6513 | D:9      | Noticed Erolcha
  6523 | D:9      | Killed Maggie
  6524 | Abyss:2  | Found a corrupted altar of Lugonu.
  6524 | Abyss:2  | Cast into level 2 of the Abyss (Erolcha)
  6564 | Abyss:2  | Reached XP level 11. HP: 101/101 MP: 10/10
  6568 | Abyss:2  | Noticed a wretched star
  6586 | Abyss:2  | Reached skill level 14 in Axes
  6592 | Abyss:2  | Killed a wretched star
  6645 | Abyss:2  | Noticed a sixfirhy
  6647 | Abyss:2  | Noticed a large abomination
  6658 | Abyss:2  | Killed a sixfirhy
  6660 | Abyss:2  | Reached skill level 10 in Dodging
  6665 | Abyss:2  | Killed a large abomination
  6673 | Abyss:2  | Received a gift from Trog
  6679 | D:9      | Escaped the Abyss
  6679 | D:9      | Slain by Erolcha

Illustrated notes

Levels and vault maps discovered:
D:1:      dpeg_arrival_rooms_c, layout_basic, corner_web_ring,
          kennysheep_small_spiral, columned_hall_lemuel, kennysheep_boxes
D:2:      layout_loops_cross, kennysheep_cross_room, chequers_jeans
D:3:      layout_rooms, shapermc_ecumenical_altar_rom_forum
D:4:      layout_basic, gammafunk_ghost_gnarly_gnolls, abandoned_shop, uniq_ijyb
D:5:      layout_cave_pools, serial_undead, serial_undead_a, serial_undead_c,
          serial_undead_d, serial_undead_e
D:6:      lemuel_insect_pit, layout_cave_pods, minmay_temple_entry_hall,
          serial_shops, shop, hangedman_decor_opposing, uniq_pikel, uniq_duvessa
D:7:      layout_cave_pools, mainiacjoe_overflow_alcove_1, tgw_sif,
          nicolae_overflow_squiral, ebering_ghost_xom, nrook_pool_corridor,
          hellmonk_guarded_unrand_hermit, uniq_crazy_yiuf_cottage
D:8:      layout_cave_pools, minmay_fire_ice_demons, uniq_maurice
D:9:      layout_cave_pods, lemuel_doored_altar, nicolae_overflow_crystal_walls,
          uniq_maggie, uniq_erolcha

Skill      XL: |  1  2  3  4  5  6  7  8  9 10 11 |
---------------+----------------------------------+-----
Axes           | 4 5 7 9 11 13 14 | 14.7
Fighting       | 4 5 6 7 9 10 11 | 11.4
Armour         | 3 4 5 6 7 9 10 11 | 11.1
Dodging        | 3 4 5 6 8 9 10 | 10.2

Action                     |  1- 3 |  4- 6 |  7- 9 | 10-12 || total
---------------------------+-------+-------+-------+-------++-------
  Melee: Hand axe          |    75 |    89 |   302 |   245 ||   711
         Headbutt          |    10 |     9 |    57 |    46 ||   122
         Punch             |       |       |     3 |     2 ||     5
  Throw: Throwing net      |       |       |     1 |     1 ||     2
 Invoke: Berserk           |     1 |     1 |     7 |     3 ||    12
         Trog's Hand       |       |       |     1 |     1 ||     2
  Evoke: Wand              |       |       |       |     2 ||     2
    Use: Scroll            |       |       |    14 |       ||    14
 Armour: Animal skin       |     4 |       |       |       ||     4
         Ring mail         |     9 |       |       |       ||     9
         Plate armour      |     9 |    58 |   162 |   116 ||   345
  Dodge: Dodged            |    40 |    30 |   138 |   117 ||   325
